 Dungeon Crawl Stone Soup version 0.25.1-9-gc5326a611f (webtiles) character file.

Game seed: 3139295722229549737

1229882 Devam the Petrodigitator (level 27, -1/224 HPs)
             Began as an Octopode Transmuter on Dec 22, 2020.
             Was the Champion of Cheibriados.
             Killed from afar by a starcursed mass (8 damage)
             ... with an accursed screaming
             ... on level 5 of the Abyss on Dec 31, 2020.
             The game lasted 13:43:28 (108797 turns).

Devam the Petrodigitator (Octopode Transmuter)    Turns: 108797, Time: 13:43:28

Health: -1/224     AC: 11    Str: 45    XL:     27
Magic:  32/49      EV: 37    Int: 39    God:    Cheibriados [******]
Gold:   9527       SH: 38    Dex: 34    Spells: 13/73 levels left

rFire    + . .     SeeInvis +     - Unarmed
rCold    + + +     Gourm    .   s - +6 tower shield {reflect}
rNeg     + + .     Faith    .   b - +2 hood of the Assassin {Detection Stab+ Stlth++}
rPois    .         Spirit   .   a - amulet "Xiorgheho" {RegenMP MR+ Dex+3}
rElec    .         Reflect  +   n - ring "Matosoh" {rF+ Str+2}
rCorr    .         Harm     .   Z - ring "Xurhis" {rC+ MP+9 Str+4 Slay+3 SInv}
MR       ++++.     Rnd*Rage +   R - ring of the Howling Hero {rN+ MR+ Str+5} Stlth ++++++++++Rnd*Tele +
                                N - ring "Rughiq" {rC+ MR+ Str+4}
HPRegen  0.00/turn              Q - ring "Tuigehit" {AC+4 Str+4 Int-3 Slay+3}
MPRegen  0.56/turn              X - ring of Zivados {Wiz MR- Slay+4 SInv}
                                p - +4 ring of slaying
                                V - ring of Roumig Becu {rC+ rN+ Slay+6}

@: berserk cooldown, non-regenerating, diseased, slowed, very slow
A: almost no armour, stealthy swim, amphibious, 8 rings, constrict 8, antennae
1, iridescent scales 1, molten scales 1, camouflage 1, berserk 3, clever 1, low
mp 2, [screaming 2], strong 1, teleportitis 1, gelatinous body 1
}: 10/15 runes: decaying, serpentine, slimy, silver, iron, icy, bone, abyssal,
demonic, glowing
a: Bend Time, Temporal Distortion, Slouch, Step From Time, Renounce Religion


You were on level 5 of the Abyss.
You worshipped Cheibriados.
Cheibriados was exalted by your worship.
You were not hungry.

You visited 16 branches of the dungeon, and saw 79 of its levels.
You visited Pandemonium 2 times, and saw 9 of its levels.
You visited the Abyss 7 times.
You visited 1 bazaar.
You visited 1 ziggurat, and saw 19 of its levels.
You also visited: Ice Cave.

You collected 15996 gold pieces.
You spent 6469 gold pieces at shops.

Inventory:

Missiles
 g - 70 boomerangs (quivered)
Armour
 b - the +2 hood of the Assassin (worn) {Detection Stab+ Stlth++}
   (You found it on level 3 of the Depths)

   It makes you much more stealthy.
 s - a +6 tower shield of reflection (worn)
Jewellery
 a - the amulet "Xiorgheho" (around mantle) {RegenMP MR+ Dex+3}
   (You found it on level 5 of the Pits of Slime)

   [amulet of magic regeneration]

   It increases your magic regeneration.
   It affects your dexterity (+3).
   It affects your resistance to hostile enchantments.
 l - the amulet of the Mutiny {Reflect Int+4 SH+5}
   (You found it on level 12 of a ziggurat)

   [amulet of reflection]

   It shields you and reflects attacks.
   It affects your intelligence (+4).
   It affects your SH (+5).
 n - the ring "Matosoh" (left tentacle) {rF+ Str+2}
   (You found it on level 13 of a ziggurat)

   [ring of protection from fire]

   It affects your strength (+2).
   It protects you from fire.
 p - a +4 ring of slaying (on tentacle)
 q - the ring of New Discoveries {rCorr Int-4 Dex+4}
   (You found it on level 9 of a ziggurat)

   [ring of resist corrosion]

   It affects your intelligence (-4).
   It affects your dexterity (+4).
   It provides partial protection from all sources of acid and corrosion.
 z - the ring of Ritit {rC+ rN+ MR+ Str+3 Dex-3}
   (You found it on level 15 of a ziggurat)

   [ring of positive energy]

   It affects your strength (+3).
   It affects your dexterity (-3).
   It protects you from cold.
   It protects you from negative energy.
   It affects your resistance to hostile enchantments.
 B - a +4 ring of protection
 K - the ring "Koyhick" {+Fly rF+ rN+ Str-3 Dex+3}
   (You found it on level 7 of a ziggurat)

   [ring of flight]

   It affects your strength (-3).
   It affects your dexterity (+3).
   It protects you from fire.
   It protects you from negative energy.
   It lets you fly.
 N - the ring "Rughiq" (on tentacle) {rC+ MR+ Str+4}
   (You found it on level 3 of the Elven Halls)

   [ring of protection from magic]

   It affects your strength (+4).
   It protects you from cold.
   It affects your resistance to hostile enchantments.
 Q - the ring "Tuigehit" (on tentacle) {AC+4 Str+4 Int-3 Slay+3}
   (You found it on level 9 of a ziggurat)

   [ring of protection]

   It affects your AC (+4).
   It affects your strength (+4).
   It affects your intelligence (-3).
   It affects your accuracy and damage with ranged weapons and melee attacks
   (+3).
 R - the ring of the Howling Hero (on tentacle) {rN+ MR+ Str+5}
   (You found it on level 3 of the Crypt)

   [ring of positive energy]

   It affects your strength (+5).
   It protects you from negative energy.
   It affects your resistance to hostile enchantments.
 U - the amulet of Free Will {RegenMP *Drain rC++ rN+ Str+3}
   (You found it on level 15 of a ziggurat)

   [amulet of magic regeneration]

   It increases your magic regeneration.
   It affects your strength (+3).
   It greatly protects you from cold.
   It protects you from negative energy.
   It causes draining when unequipped.
 V - the ring of Roumig Becu (on tentacle) {rC+ rN+ Slay+6}
   (You found it on level 3 of the Crypt)

   [ring of positive energy]

   It affects your accuracy and damage with ranged weapons and melee attacks
   (+6).
   It protects you from cold.
   It protects you from negative energy.
 X - the ring of Zivados (on tentacle) {Wiz MR- Slay+4 SInv}
   (You bought it in a shop on level 4 of the Depths)

   [ring of wizardry]

   It improves your spell success rate.
   It affects your accuracy and damage with ranged weapons and melee attacks
   (+4).
   It affects your resistance to hostile enchantments.
   It lets you see invisible.
 Z - the ring "Xurhis" (right tentacle) {rC+ MP+9 Str+4 Slay+3 SInv}
   (You found it on level 3 of the Crypt)

   [ring of magical power]

   It affects your strength (+4).
   It affects your accuracy and damage with ranged weapons and melee attacks
   (+3).
   It protects you from cold.
   It affects your magic capacity (+9).
   It lets you see invisible.
Wands
 y - a wand of polymorph (60)
 E - a wand of enslavement (14)
 G - a wand of digging (38)
 I - a wand of clouds (35)
 O - a wand of acid (42)
 S - a wand of disintegration (75)
 Y - a wand of paralysis (56)
Scrolls
 d - 2 scrolls of holy word
 e - 4 scrolls of amnesia
 f - 9 scrolls of fear
 m - 2 scrolls of blinking
 r - 15 scrolls of magic mapping
 v - 44 scrolls of teleportation
 w - 39 scrolls of remove curse {@r2}
 x - 10 scrolls of immolation
 A - 17 scrolls of identify {@r1}
 F - 5 scrolls of silence
 J - 6 scrolls of vulnerability
 M - 14 scrolls of fog
 P - 5 scrolls of summoning
 T - 3 scrolls of torment
Potions
 h - 3 potions of invisibility
 i - 26 potions of curing {@q1}
 j - 13 potions of lignification
 k - 5 potions of flight
 o - 3 potions of cancellation
 t - 9 potions of brilliance
 u - 6 potions of might
 C - 6 potions of mutation
 D - 14 potions of stabbing
 L - a potion of magic
 W - 5 potions of ambrosia
Comestibles
 c - 101 rations


   Skills:
 O Level 27 Fighting
 - Level 10.0 Throwing
 - Level 20.0 Dodging
 - Level 20.0 Stealth
 - Level 25.0 Shields
 O Level 27 Unarmed Combat
 + Level 23.8 Spellcasting
 - Level 10.0 Conjurations
 - Level 5.0 Necromancy
 - Level 16.0 Translocations
 - Level 15.0 Transmutations
   Level 3.0 Fire Magic
 - Level 4.0 Ice Magic
 - Level 15.0 Air Magic
 O Level 27 Earth Magic
   Level 5.0 Poison Magic
 - Level 15.0 Invocations


You had 13 spell levels left.
You knew the following spells:

 Your Spells              Type           Power        Failure   Level  Hunger
a - Iron Shot             Conj/Erth      ########..   1%          6    None
b - Airstrike             Air            ########..   0%          4    None
c - Borgnjor's Vile Clut  Necr/Erth      ########..   0%          5    None
d - Hailstorm             Conj/Ice       #######.     1%          4    None
e - Statue Form           Tmut/Erth      ########.    0%          6    None
f - Passwall              Tmut/Erth      ########     0%          2    None
g - Lee's Rapid Deconstr  Erth           ########..   0%          5    None
h - Controlled Blink      Tloc           N/A          1%          8    None
i - Shatter               Erth           ########..   1%          9    ###....
j - Petrify               Tmut/Erth      ########     0%          4    None
k - Lightning Bolt        Conj/Air       #######...   1%          5    None
l - Blink                 Tloc           N/A          0%          2    None

Your spell library contained the following spells:

 Spells                   Type           Power        Failure   Level  Hunger
 Apportation              Tloc           ######       0%          1    None
 Beastly Appendage        Tmut           ######       0%          1    None
 Magic Dart               Conj           ####         0%          1    None
 Sandblast                Erth           ######       0%          1    None
 Shock                    Conj/Air       ####         0%          1    None
 Sting                    Tmut/Pois      ####         0%          1    None
 Corpse Rot               Necr/Air       N/A          0%          2    None
 Poisonous Vapours        Pois/Air       ######       0%          2    None
 Searing Ray              Conj           ######       0%          2    None
 Sticks to Snakes         Tmut           ########     0%          2    None
 Gell's Gravitas          Tloc           ########..   0%          3    None
 Lesser Beckoning         Tloc           ########..   0%          3    None
 Mephitic Cloud           Conj/Pois/Air  #######.     0%          3    None
 Spider Form              Tmut/Pois      #######...   0%          3    None
 Static Discharge         Conj/Air       #######.     0%          3    None
 Stone Arrow              Conj/Erth      ######       0%          3    None
 Teleport Other           Tloc           ########     0%          3    None
 Iskenderun's Mystic Bla  Conj/Tloc      #######.     0%          4    None
 Leda's Liquefaction      Hex/Erth       ########..   0%          4    None
 Passage of Golubria      Tloc           N/A          0%          4    None
 Animate Skeleton         Necr           N/A          1%          1    None
 Corona                   Hex            #####..      1%          1    None
 Foxfire                  Conj/Fire      ####         1%          1    None
 Freeze                   Ice            ####         1%          1    None
 Infusion                 Chrm           ####         1%          1    None
 Pain                     Necr           ####         1%          1    None
 Summon Butterflies       Summ           #####...     1%          1    None
 Summon Small Mammal      Summ           ####         1%          1    None
 Call Imp                 Summ           #####...     1%          2    None
 Ensorcelled Hibernation  Hex/Ice        ######       1%          2    None
 Shroud of Golubria       Chrm/Tloc      ######       1%          2    None
 Slow                     Hex            #####...     1%          2    None
 Song of Slaying          Chrm           #####...     1%          2    None
 Sublimation of Blood     Necr           ######....   1%          2    None
 Swiftness                Chrm/Air       #######.     1%          2    None
 Call Canine Familiar     Summ           #####...     1%          3    None
 Confusing Touch          Hex            #####...     1%          3    None
 Conjure Flame            Conj/Fire      #######.     1%          3    None
 Dazzling Flash           Conj/Hex       ######       1%          3    None
 Frozen Ramparts          Ice            ######       1%          3    None
 Ignite Poison            Fire/Tmut/Pois #######.     1%          3    None
 Inner Flame              Hex/Fire       ######..     1%          3    None
 Ozocubu's Armour         Chrm/Ice       ######..     1%          3    None
 Portal Projectile        Hex/Tloc       ######       1%          3    None
 Recall                   Summ/Tloc      N/A          1%          3    None
 Spectral Weapon          Hex/Chrm       #####...     1%          3    None
 Summon Guardian Golem    Hex/Summ       #####...     1%          3    None
 Tukima's Dance           Hex            #####...     1%          3    None
 Vampiric Draining        Necr           ######....   1%          3    None
 Animate Dead             Necr           N/A          1%          4    None
 Cause Fear               Hex            #####.....   1%          4    None
 Dispel Undead            Necr           ######..     1%          4    None
 Fulminant Prism          Conj/Hex       ######....   1%          4    None
 Ice Form                 Ice/Tmut       #######.     1%          4    None
 Olgreb's Toxic Radiance  Pois           ######..     1%          4    None
 Sticky Flame             Conj/Fire      #######.     1%          4    None
 Summon Ice Beast         Ice/Summ       ######..     1%          4    None
 Summon Lightning Spire   Summ/Air       #######.     1%          4    None
 Agony                    Necr           ######..     1%          5    None
 Alistair's Intoxication  Tmut/Pois      #######.     1%          5    None
 Blade Hands              Tmut           ########..   1%          5    None
 Bolt of Magma            Conj/Fire/Erth ########..   1%          5    None
 Excruciating Wounds      Chrm/Necr      ######....   1%          5    None
 Fireball                 Conj/Fire      #######...   1%          5    None
 Irradiate                Conj/Tmut      #######...   1%          5    None
 Iskenderun's Battlesphe  Conj/Chrm      ######..     1%          5    None
 Silence                  Hex/Air        #######...   1%          5    None
 Summon Forest            Summ/Tloc      #######...   1%          5    None
 Yara's Violent Unravell  Hex/Tmut       #######...   1%          5    None
 Conjure Ball Lightning   Conj/Air       #######...   1%          6    None
 Dispersal                Tloc           ########..   1%          6    None
 Eringya's Noxious Bog    Tmut/Pois      #######...   1%          6    None
 Freezing Cloud           Conj/Ice/Air   #######...   1%          6    None
 Hydra Form               Tmut           ########..   1%          6    None
 Starburst                Conj/Fire      #######...   1%          6    None
 Dragon Form              Tmut           ########..   1%          7    None
 Disjunction              Tloc           ########..   1%          8    None
 Metabolic Englaciation   Hex/Ice        ######....   2%          5    None
 Orb of Destruction       Conj           #######...   2%          7    None
 Death Channel            Necr           ######....   3%          6    None
 Simulacrum               Ice/Necr       ######....   4%          6    None
 Aura of Abjuration       Summ           #####.....   5%          5    None
 Summon Demon             Summ           #####.....   5%          5    None
 Summon Mana Viper        Hex/Summ       #####...     5%          5    None
 Ozocubu's Refrigeration  Ice            ######....   6%          6    None
 Spellforged Servitor     Conj/Summ      ######....   21%         7    None
 Darkness                 Hex            #####.....   26%         6    None
 Invisibility             Hex            #####...     26%         6    None
 Shadow Creatures         Summ           N/A          26%         6    None
 Tornado                  Air            ########..   36%         9    ###....
 Ring of Flames           Chrm/Fire      ######....   61%         7    None
 Summon Hydra             Summ           #####.....   80%         7    None
 Ignition                 Fire           ######....   96%         8    None
 Death's Door             Chrm/Necr      ######....   98%         8    None
 Dragon's Call            Summ           #####.....   100%        9    ###....


Dungeon Overview and Level Annotations

Branches:
Dungeon (15/15)            Temple (1/1) D:7            Lair (6/6) D:8
  Swamp (4/4) Lair:4        Snake (4/4) Lair:4        Slime (5/5) Lair:5
    Orc (2/2) D:9             Elf (3/3) Orc:2        Vaults (5/5) D:14
  Crypt (3/3) Vaults:3       Tomb (0/3) Crypt:3      Depths (5/5) D:15
   Hell (visited)             Dis (7/7) Hell            Geh (0/7) Hell
    Coc (7/7) Hell            Tar (7/7) Hell            Zot (4/5) Depths:5
  IceCv (visited)

Altars:
Ashenzari
Cheibriados
Dithmenos
Elyvilon
Fedhas
Gozag
Hepliaklqana
Kikubaaqudgha
Makhleb
Nemelex Xobeh
Okawaru
Qazlal
Ru
Sif Muna
Trog
Uskayaw
Vehumet
Wu Jian
Xom
Yredelemnul
Zin
The Shining One
Beogh
Jiyva
Lugonu

Shops:
D:4 *   D:5 %:=!:   Orc:1 }   Orc:2 [(!(}   Elf:2 =}=   Vaults:3 %   Vaults:5 :
Depths:3 ?*(   Depths:4 }=!}

Portals:
Hell: Depths:1 Depths:2 Depths:3 Depths:4 Depths:5
Abyss: Depths:2 Depths:4 Depths:5
Pandemonium: Depths:2 Depths:3

Annotations:
D:6 Digging
Coc:3 exclusion: zombie


Innate Abilities, Weirdness & Mutations

You cannot wear most types of armour.
You are very stealthy in the water. (Stealth+)
You are amphibious.
You can wear up to eight rings at the same time.
You can use your tentacles to constrict eight enemies at once.
Your skin changes colour to match your surroundings (Stealth+).
Your rubbery body absorbs attacks. (AC +1, EV +1)
You have a pair of small antennae on your head.
You are partially covered in iridescent scales. (AC +2)
You are partially covered in molten scales. (AC +2)
You have an uncontrollable temper.
Your mind is acute. (Int +2)
Your magical capacity is very low. (-20% MP)
Your muscles are strong. (Str +2)
You are occasionally teleported next to monsters.
[You sometimes yell uncontrollably at your foes.]


Message History

Cheibriados thoroughly appreciates the change of pace.
You revert to your normal fleshy form.
The balrug gestures at you. Something smites you!
* * * LOW HITPOINT WARNING * * *
You feel yourself growing ill in the presence of the ancient zyme.
An ancient zyme comes into view.
You feel ill.
You feel much better. The balrug gestures at you.
The fireball explodes!
The fireball engulfs you! You resist.
* * * LOW HITPOINT WARNING * * *
A sun demon comes into view.
A starcursed mass comes into view.
You hear a roar!
You hear a hideous shriek!
You tentacle-slap the large abomination but do no damage.
You tentacle-slap the large abomination!!
You squeeze the large abomination!
The large abomination is almost destroyed.
The starcursed mass shrieks in your mind.
You die...

._... .# .....X...
.... ..
................
#...##..#3###...
.#.....#......2...
. ................
...†.÷.Z.∩.......
R.##[∩÷.†..#.... ..
#)).÷)@X...#.. . .
.#...).)†......
...#)).#x.x.....
#).†...........#
.#...... .........
.##...#....x)......
##.....#......... .
......#..#....
§.#..#. #..##.


You could see a starcursed mass, a balrug, a sun demon, 2 ancient zymes, a large
abomination, a small abomination and a ghost moth simulacrum.

Vanquished Creatures
  Antaeus (Coc:7)
  12 pandemonium lords
  the Royal Jelly (Slime:5)
  Ereshkigal (Tar:7)
  the Serpent of Hell (Dis:7)
  Mnoleg (Pan)
  Dispater (Dis:7)
  Khufu (Crypt:3)
  4 orbs of fire
  Mara (Crypt:1)
  The ghost of Erymatos the Minotaur Barricade, a legendary MiBe of Trog (Zig:8)
  5 ancient liches
  Sojobo (Depths:4)
  Boris (twice) (Vaults:2 Depths:5)
  the Lernaean hydra (Swamp:4)
  Frederick (Vaults:2)
  A curse toe (Zot:2)
  Margery (Depths:3)
  Vashnia (Snake:4)
  15 shard shrikes
  Saint Roka (Crypt:1)
  7 Killer Klowns
  A caustic shrike (Depths:4)
  Geryon (Hell)
  13 golden dragons
  5 profane servitors
  27 bone dragons
  4 doom hounds
  2 Brimstone Fiends
  30 Tzitzimimeh
  21 tentacled monstrosities
  4 iron giants
  4 hellephants
  21 Hell Sentinels
  30 Ice Fiends
  Rupert (Orc:2)
  28 liches
  4 deep elf master archers
  8 quicksilver dragons
  6 titans
  24 acid blobs
  3 deep elf blademasters
  35 tentacled starspawn
  18 Executioners
  2 sphinxes (shapeshifter)
  5 sphinxes
  3 death cobs
  Agnes (Vaults:4)
  3 thorn hunters
  18 ancient champions
  6 draconian monks
  Donald (Crypt:1)
  18 storm dragons
  17 shadow dragons
  8 tengu reavers
  10 revenants
  9 fire giants
  7 nagarajas (Snake:4)
  12 warmongers (Pan)
  7 draconian knights
  14 frost giants
  15 azure jellies
  3 ghost moths (Zig:14)
  An orc warlord (Orc:2)
  3 deep elf sorcerers
  48 cacodemons
  18 vault wardens
  34 balrugs
  An emperor scorpion (Zig:7)
  8 iron dragons
  3 curse skulls
  4 draconian shifters
  8 draconian scorchers
  Louise (Snake:4)
  6 ghouls
  Aizul (Snake:2)
  2 spriggan defenders
  2 angels
  8 deep elf elementalists
  92 reapers
  14 ironheart preservers
  18 stone giants
  4 elemental wellsprings
  4 war gargoyles
  A stone giant (shapeshifter) (Zig:11)
  17 vampire knights
  12 draconian stormcallers
  11 draconian annihilators
  2 ophanim
  8 entropy weavers
  8 blood saints (Pan)
  26 lorocyprocas
  10 corrupters (Pan)
  A dire elephant (shapeshifter) (Zig:19)
  10 green draconians
  9 white draconians
  53 very ugly things
  10 black draconians
  9 yellow draconians
  12 deep elf demonologists
  9 black suns (Pan)
  15 deep elf annihilators
  6 spark wasps
  15 red draconians
  A white draconian (shapeshifter) (Zig:19)
  17 purple draconians
  5 merfolk javelineers
  2 dire elephants (Lair:6)
  Azrael (Elf:2)
  19 ettins
  2 mummy priests (Crypt:3)
  15 deep elf death magi
  The ghost of Mryle the Covert, a journeyman NaIE of Kikubaaqudgha (Lair:2)
  10 green deaths
  Snorg (D:12)
  27 blizzard demons
  14 jiangshi
  8 eidola
  13 fire dragons
  8 quicksilver dragon zombies
  11 death oozes
  A merfolk impaler (Zig:13)
  2 kraken zombies
  9 deep elf high priests
  22 yaktaur captains
  2 quicksilver dragon skeletons
  11 great orbs of eyes
  7 monstrous demonspawn (Pan)
  30 vault guards
  7 hell beasts
  4 shambling mangroves
  28 naga warriors
  13 rakshasas
  36 hydras
  35 ice dragons
  3 catoblepae
  5 ghost crabs
  Erolcha (Orc:2)
  6 spriggan air magi
  10 ogre magi
  An anaconda (shapeshifter) (Vaults:5)
  7 anacondas
  12 centaur warriors
  A two-headed ogre (shapeshifter) (Depths:3)
  18 two-headed ogres
  36 dancing weapons
  4 merfolk aquamancers (Zig:13)
  18 alligators
  7 deep troll shamans
  7 death knights
  9 death yaks
  8 titan zombies
  5 tengu warriors
  14 vampire magi
  5 deep troll earth magi
  9 hell hogs
  An orc high priest (Elf:3)
  61 small abominations
  Urug (D:14)
  28 thrashing horrors
  34 deep elf knights
  5 titan skeletons
  6 shock serpents
  6 holy swine (Pan)
  37 hell knights
  49 soul eaters
  2 spriggan berserkers
  90 sun demons
  19 naga sharpshooters
  10 shadow wraiths
  26 wretched stars
  4 salamander mystics
  8 iron trolls
  A fire crab (Zig:12)
  6 spatial maelstroms
  2 storm dragon zombies
  4 death drakes
  A fire crab (shapeshifter) (Depths:2)
  60 sixfirhies
  6 golden dragon zombies
  26 shadow demons
  175 skeletal warriors
  A ghost moth zombie (Tar:6)
  An iron troll (shapeshifter) (Zig:19)
  5 gelid demonspawn (Pan)
  2 glowing orange brains (shapeshifter)
  4 spriggan druids
  2 iron giant zombies (Crypt:1)
  3 storm dragon skeletons
  An unseen horror (shapeshifter) (Vaults:3)
  10 glowing orange brains
  9 torturous demonspawn (Pan)
  8 wizards
  3 unseen horrors
  4 sea snakes (Zig:13)
  An iron giant skeleton (Crypt:2)
  14 ironbrand convokers
  13 flayed ghosts
  6 infernal demonspawn (Pan)
  A kraken simulacrum (Hell)
  22 deep trolls
  19 swamp dragons
  5 anaconda zombies
  5 naga ritualists
  An orange crystal statue (Depths:5)
  7 shadow dragon zombies
  2 lindwurms (Lair:6)
  5 golden dragon skeletons
  33 deep elf archers
  7 orb spiders
  5 anaconda skeletons
  A mana viper (shapeshifter) (Depths:3)
  14 necromancers
  4 wolf spider zombies
  17 orc knights
  7 harpies
  A sphinx skeleton (D:15)
  11 wolf spiders
  3 orc sorcerers
  15 shining eyes
  8 frost giant zombies
  77 deep elf magi
  15 phantasmal warriors
  A wolf spider (shapeshifter) (Vaults:2)
  7 mana vipers
  9 cyclopes
  41 ugly things
  7 iron dragon zombies
  9 fire giant zombies
  7 stone giant zombies
  5 manticores
  15 salamanders
  4 frost giant skeletons
  24 moths of wrath
  4 worldbinders
  3 shadow dragon skeletons
  5 human zombies
  An elephant (Lair:6)
  A salamander (shapeshifter) (Abyss:3)
  27 black mambas
  11 guardian serpents
  27 rust devils
  78 smoke demons
  Joseph (D:12)
  7 fire giant skeletons
  5 iron dragon skeletons
  11 stone giant skeletons
  18 naga magi
  A water nymph (shapeshifter) (Vaults:3)
  6 dire elephant zombies
  A shock serpent zombie (Dis:7)
  5 ice statues
  38 orange demons
  8 apocalypse crabs
  3 eyes of devastation
  3 water nymphs (Zig:13)
  A shock serpent skeleton (Coc:1)
  A guardian serpent (shapeshifter) (Zig:11)
  A gargoyle (D:10)
  14 vault sentinels
  An alligator snapping turtle zombie (Crypt:1)
  6 torpor snails
  A yaktaur zombie (Depths:1)
  23 spiny frogs
  A white draconian zombie (Tar:3)
  3 emperor scorpion zombies
  40 yaktaurs
  48 tormentors
  A catoblepas zombie (Dis:5)
  5 dire elephant skeletons
  A minotaur zombie (Dis:3)
  7 rime drakes
  9 komodo dragons
  A spark wasp simulacrum (Depths:1)
  2 titan simulacra
  11 efreet
  37 hellions
  52 freezing wraiths
  2 anaconda simulacra
  25 hellwings
  A yaktaur skeleton (Vaults:5)
  A golden dragon simulacrum (Crypt:3)
  8 guardian mummies
  53 ice devils
  21 ancient zymes
  4 tengu conjurers
  3 harpy zombies
  10 merfolk (Zig:13)
  46 red devils
  A hornet (shapeshifter) (Elf:3)
  A meliai (shapeshifter) (Vaults:5)
  57 demonic crawlers
  7 trolls
  22 hydra zombies
  7 hydra skeletons
  3 silent spectres
  3 meliai (D:15)
  A queen bee (Lair:2)
  2 trolls (shapeshifter)
  A wind drake (shapeshifter) (D:14)
  5 jumping spiders
  A wolf spider simulacrum (Coc:4)
  3 wind drakes
  An iron dragon simulacrum (Coc:6)
  35 blink frogs
  78 slime creatures
  126 large abominations
  9 tyrant leeches
  28 hornets
  62 raiju
  8 polar bears (Lair:6)
  4 ettin zombies
  A raiju (shapeshifter) (Vaults:4)
  6 alligator zombies
  A hippogriff (shapeshifter) (Vaults:3)
  10 hippogriffs
  4 ice dragon zombies
  12 bog bodies
  7 dream sheep
  A snapping turtle (Zig:13)
  A frost giant simulacrum (Depths:1)
  5 fire dragon zombies
  2 meliai zombies
  A dream sheep (shapeshifter) (Elf:2)
  2 fire giant simulacra
  A blink frog (shapeshifter) (Depths:3)
  2 harpy skeletons (Coc:7)
  3 alligator skeletons
  45 shadows
  2 redbacks (shapeshifter)
  177 starcursed masses
  31 water elementals
  3 fire dragon skeletons
  6 air elementals
  171 flying skulls
  An elf simulacrum (Vaults:5)
  3 ettin skeletons
  A vampire (D:14)
  67 ynoxinuls
  7 ice dragon skeletons
  3 tarantellas
  7 redbacks
  34 yaks
  Sigmund (D:3)
  6 spriggans
  5 wyverns
  5 black mamba zombies
  23 fire elementals
  35 wraiths
  A black mamba skeleton (Tar:2)
  11 fire bats
  7 basilisks
  A wyvern (shapeshifter) (Vaults:1)
  9 golden eyes
  A tyrant leech zombie (Crypt:2)
  7 hungry ghosts
  16 humans (D:14)
  3 steam dragons
  3 catoblepas simulacra
  80 chaos spawn
  84 nagas
  An emperor scorpion simulacrum (Crypt:1)
  54 neqoxecs
  13 swamp worms
  A swamp worm (shapeshifter) (Vaults:5)
  2 acid dragons
  24 vampire mosquitoes
  12 insubstantial wisps
  24 spatial vortices
  22 wargs
  A merfolk zombie (Dis:7)
  A water nymph zombie (Crypt:1)
  10 spiny frog zombies
  4 hydra simulacra
  A merfolk skeleton (Coc:7)
  69 hell hounds
  5 porcupines
  12 water moccasins
  5 floating eyes
  3 spiny frog skeletons
  10 black bears
  A hornet zombie (Crypt:2)
  15 swamp drakes
  23 ice beasts
  3 snapping turtle zombies
  83 orc warriors
  2 sky beasts
  An ettin simulacrum (Abyss:3)
  A fire dragon simulacrum (Coc:6)
  2 ice dragon simulacra
  3 manticore zombies
  13 eyes of draining
  An alligator simulacrum (Hell)
  23 centaurs
  30 necrophages
  32 ogres
  4 phantoms
  18 wolves
  8 boggarts
  4 swamp dragon zombies
  4 snapping turtle skeletons
  4 crocodiles
  A swamp dragon skeleton (Coc:6)
  2 human skeletons
  A hog skeleton (Crypt:2)
  4 big kobolds
  2 elf zombies
  A big kobold (shapeshifter) (Abyss:5)
  2 elf skeletons
  4 earth elementals
  A gnoll sergeant (D:6)
  13 bullfrogs
  A wyvern zombie (D:11)
  A spiny frog simulacrum (Coc:7)
  A water moccasin zombie (Crypt:2)
  2 scorpions
  A spriggan zombie (Crypt:1)
  23 killer bees (Lair:2)
  A killer bee (shapeshifter) (Vaults:5)
  54 wights
  4 electric eels
  2 bullfrog zombies
  8 crimson imps
  4 centaur zombies
  10 quasits
  4 hounds
  30 iron imps
  38 orc priests
  8 centaur skeletons
  A hound (shapeshifter) (Zig:19)
  5 jellies
  4 bullfrog skeletons
  7 worker ants
  5 iguanas
  37 orc wizards
  2 tengu zombies
  2 naga skeletons
  A hound zombie (D:6)
  A human simulacrum (Abyss:4)
  3 hound skeletons
  5 mummies
  A worker ant zombie (D:9)
  9 adders
  8 river rats (D:5)
  A swamp drake zombie (Crypt:2)
  22 shadow imps
  27 white imps
  4 ufetubi
  2 oozes
  An iguana zombie (Crypt:1)
  An adder skeleton (D:8)
  3 worms
  A dart slug (D:1)
  4 leopard geckos
  151 orcs
  2 ball pythons
  2 giant cockroaches
  4 hobgoblins
  10 jackals
  7 kobolds
  6 quokkas
  5 bats
  A frilled lizard (D:1)
  7 goblins
  A jackal skeleton (D:8)
  A jackal zombie (D:5)
  A leopard gecko zombie (D:5)
  A quokka skeleton (D:10)
  25 rats
  4 briar patches (Swamp:3)
  3 crawling corpses (Vaults:5)
  A demonic plant (Abyss:1)
  4 lurking horrors
  3 plants
  20 starspawn tentacles
  5 tentacles
6028 creatures vanquished.

Vanquished Creatures (collateral kills)
  A hydra (Lair:4)
  A centaur warrior (D:11)
  3 two-headed ogres
  3 death yaks
  A manticore (Lair:2)
  An elephant (Lair:6)
  A spiny frog (Lair:6)
  2 rime drakes
  A polar bear (Lair:6)
  3 dream sheep
  7 blink frogs
  9 yaks
  A basilisk (Lair:1)
  2 nagas (Lair:4)
  An orc warrior (D:11)
  2 black bears (Lair:6)
  3 wolves (Lair:1)
  A crocodile (Lair:5)
  A big kobold (D:9)
  2 bullfrogs
  A wyvern zombie (D:6)
  3 killer bees (Lair:2)
  A wight (D:11)
  A crimson imp (D:9)
  2 orc wizards (D:9)
  5 orc priests
  An adder (D:11)
  A shadow imp (D:5)
  3 orcs
  A quokka (D:4)
  A rat (D:5)
66 creatures vanquished.

Vanquished Creatures (others)
  A shard shrike (Coc:7)
  A golden dragon (Zig:18)
  A Hell Sentinel (Dis:7)
  A tengu reaver (Depths:4)
  An azure jelly (Slime:2)
  A frost giant (Vaults:5)
  A balrug (Pan)
  An elemental wellspring (Coc:7)
  An ironheart preserver (Vaults:5)
  A hydra (Swamp:4)
  An ogre mage (Vaults:4)
  2 shambling mangroves
  A spriggan berserker (Depths:5)
  A shadow wraith (Vaults:1)
  A death drake (Zig:18)
  2 swamp dragons (Zig:18)
  3 deep elf magi (Elf:1)
  A shadow dragon skeleton (Vaults:5)
  An iron dragon skeleton (Hell)
  A smoke demon (Pan)
  2 hellions
  A slime creature (Zig:18)
  A bog body (Crypt:2)
  2 fire dragon zombies (Hell)
  A fire giant simulacrum (Hell)
  A shadow (Swamp:4)
  A fire bat (Abyss:1)
  A golden eye (Abyss:3)
  3 nagas (Snake:4)
  2 hell hounds (Tar:3)
  2 small abominations
  A swamp drake (Zig:18)
  2 ogres (Vaults:4)
  A wight (Coc:7)
  A troll skeleton (Hell)
  A white imp (Coc:7)
  2 orcs
  A briar patch (Swamp:3)
  A crawling corpse (Vaults:5)
  2 demonic plants (Pan)
  8 fungi
  2 lurking horrors (Abyss:3)
  41 plants
  56 starspawn tentacles
  12 tentacles
172 creatures vanquished.

Grand Total: 6266 creatures vanquished

Notes
Turn   | Place    | Note
-------+----------+-------------------------------------------
     0 | D:1      | Devam the Octopode Transmuter began the quest for the Orb.
     0 | D:1      | Reached XP level 1. HP: 13/13 MP: 3/3
   335 | D:1      | Reached XP level 2. HP: 18/18 MP: 3/5
   485 | D:1      | Learned a level 2 spell: Sticks to Snakes
   972 | D:2      | Reached XP level 3. HP: 22/23 MP: 4/6
   994 | D:2      | Learned a level 3 spell: Spider Form
  1706 | D:3      | Found an iron altar of Okawaru.
  2210 | D:3      | Reached skill level 1 in Poison Magic
  2210 | D:3      | Reached XP level 4. HP: 21/28 MP: 5/7
  2354 | D:3      | Noticed Sigmund
  2843 | D:4      | Found Egeu's Assorted Antiques.
  3019 | D:4      | Noticed a sky beast
  3322 | D:4      | You fall into a shaft and drop 1 floor!
  3322 | D:5      | Entered Level 5 of the Dungeon
  3604 | D:5      | Found Opailomn's Book Shoppe.
  3803 | D:4      | Reached XP level 5. HP: 28/33 MP: 8/8
  4274 | D:4      | Found a shimmering blue altar of Sif Muna.
  4502 | D:5      | Found a shimmering altar of Xom.
  4600 | D:5      | Found Geolener's Jewellery Boutique.
  4655 | D:5      | Found Werchid's Book Emporium.
  4664 | D:5      | Found Eclarik's Food Boutique.
  4723 | D:5      | Found Teqeatihe's Distillery.
  4736 | D:5      | Bought a potion of heal wounds for 65 gold pieces
  4931 | D:5      | Reached skill level 5 in Transmutations
  4931 | D:5      | Reached XP level 6. HP: 37/38 MP: 7/9
  4973 | D:5      | Learned a level 4 spell: Ice Form
  5371 | D:5      | Reached skill level 1 in Shields
  5694 | D:5      | Reached XP level 7. HP: 40/43 MP: 9/11
  6124 | D:6      | Found a blossoming altar of Fedhas.
  6484 | D:6      | Found a radiant altar of Vehumet.
  6849 | D:6      | Reached XP level 8. HP: 32/54 MP: 12/12
  7074 | D:6      | Reached skill level 1 in Stealth
  7364 | D:6      | Found a bloodstained altar of Trog.
  7365 | D:6      | Found a sacrificial altar of Ru.
  7568 | D:7      | Reached skill level 5 in Fighting
  7667 | D:7      | Found a shadowy altar of Dithmenos.
  8252 | D:7      | Reached skill level 1 in Ice Magic
  8630 | D:7      | Found a staircase to the Ecumenical Temple.
  8639 | Temple   | Entered the Ecumenical Temple
  8678 | Temple   | Became a worshipper of Cheibriados the Contemplative
  8850 | D:8      | Found a white marble altar of Elyvilon.
  9329 | D:8      | Found a staircase to the Lair.
  9434 | D:8      | Reached XP level 9. HP: 61/61 MP: 13/13
  9440 | D:8      | Found a glowing silver altar of Zin.
  9809 | D:8      | Found an ancient bone altar of Kikubaaqudgha.
 10063 | D:8      | Reached * piety under Cheibriados
 10795 | D:9      | Reached skill level 5 in Dodging
 10906 | D:9      | Noticed a two-headed ogre
 10916 | D:9      | Killed a two-headed ogre
 10931 | D:9      | Reached skill level 5 in Unarmed Combat
 10995 | D:9      | Reached ** piety under Cheibriados
 11012 | D:9      | Found a staircase to the Orcish Mines.
 11261 | D:9      | Noticed a two-headed ogre
 11290 | D:9      | Killed a two-headed ogre
 11290 | D:9      | Reached XP level 10. HP: 60/72 MP: 14/14
 11346 | D:9      | Found an ornate altar of the Wu Jian Council.
 11348 | D:9      | Found a shattered altar of Ashenzari.
 11349 | D:9      | Found a burning altar of Makhleb.
 11750 | D:9      | Noticed a two-headed hydra
 11756 | D:9      | Killed a two-headed hydra
 11758 | D:9      | Reached *** piety under Cheibriados
 11862 | D:9      | Reached skill level 1 in Invocations
 11980 | D:9      | Found a shimmering altar of Xom.
 11981 | D:9      | Found a hazy altar of Hepliaklqana.
 11982 | D:9      | Noticed a spectral ugly thing
 12059 | D:10     | Entered Level 10 of the Dungeon
 12237 | D:10     | Noticed a gargoyle
 12255 | D:10     | Killed a gargoyle
 12407 | D:10     | Reached skill level 10 in Fighting
 12440 | D:10     | Reached skill level 5 in Stealth
 13034 | D:11     | Noticed a brown ugly thing
 13072 | D:11     | Noticed a four-headed hydra
 13080 | D:11     | Killed a four-headed hydra
 13080 | D:11     | Reached skill level 5 in Invocations
 13080 | D:11     | Reached XP level 11. HP: 81/81 MP: 15/15
 13158 | D:11     | Reached **** piety under Cheibriados
 13185 | D:11     | Noticed a centaur warrior
 13223 | D:11     | Killed a centaur warrior
 13541 | D:11     | Noticed a fire dragon
 13543 | D:11     | Noticed a two-headed ogre
 14349 | D:6      | Reached ***** piety under Cheibriados
 14498 | D:3      | Killed Sigmund
 14706 | Lair:1   | Entered Level 1 of the Lair of Beasts
 15424 | Lair:1   | Reached XP level 12. HP: 60/87 MP: 18/18
 15700 | Lair:1   | Noticed a six-headed hydra
 15707 | Lair:1   | Killed a six-headed hydra
 15948 | Lair:1   | Found a shimmering altar of Xom.
 16980 | Lair:2   | Reached ****** piety under Cheibriados
 17016 | Lair:2   | Noticed a four-headed hydra
 17031 | Lair:2   | Killed a four-headed hydra
 17031 | Lair:2   | Reached skill level 10 in Invocations
 17130 | Lair:2   | Found a runed translucent door.
 17130 | Lair:2   | Noticed Mryle's ghost (journeyman NaIE)
 17924 | Lair:2   | Learned a level 6 spell: Statue Form
 18065 | Lair:3   | Noticed a five-headed hydra
 18074 | Lair:3   | Killed a five-headed hydra
 18164 | Lair:3   | Learned a level 2 spell: Blink
 18319 | Lair:3   | Noticed a death yak
 18319 | Lair:3   | Noticed a death yak
 18319 | Lair:3   | Noticed a death yak
 18319 | Lair:3   | Noticed a death yak
 18337 | Lair:3   | Killed a death yak
 18337 | Lair:3   | Reached skill level 1 in Earth Magic
 18337 | Lair:3   | Reached XP level 13. HP: 92/92 MP: 20/20
 18687 | Lair:3   | Reached skill level 5 in Spellcasting
 18906 | Lair:3   | Learned a level 3 spell: Mephitic Cloud
 18981 | Lair:4   | Reached skill level 1 in Air Magic
 18983 | Lair:4   | Reached skill level 1 in Conjurations
 18983 | Lair:4   | Reached skill level 1 in Translocations
 19137 | Lair:4   | Found a staircase to the Swamp.
 19152 | Lair:4   | Found a staircase to the Snake Pit.
 20639 | Lair:5   | Reached skill level 10 in Transmutations
 20980 | Lair:5   | Reached skill level 5 in Earth Magic
 21010 | Lair:5   | Found a staircase to the Slime Pits.
 21010 | Lair:5   | Found a viscous altar of Jiyva.
 21579 | Lair:6   | Entered Level 6 of the Lair of Beasts
 21775 | Lair:6   | Reached XP level 14. HP: 99/99 MP: 21/21
 21930 | Lair:6   | Reached skill level 5 in Shields
 22568 | Lair:6   | Noticed a dire elephant
 22579 | Lair:6   | Killed a dire elephant
 22780 | Lair:6   | Noticed a dire elephant
 22791 | Lair:6   | Killed a dire elephant
 23179 | Lair:6   | Reached skill level 10 in Shields
 23663 | Orc:1    | Entered Level 1 of the Orcish Mines
 23665 | Orc:1    | Found a frozen archway.
 23702 | IceCv    | Entered an ice cave
 23715 | IceCv    | Reached XP level 15. HP: 103/103 MP: 22/22
 23726 | IceCv    | Found a transporter.
 23749 | IceCv    | Found a transporter.
 23962 | Orc:2    | Entered Level 2 of the Orcish Mines
 23962 | Orc:2    | Noticed Rupert
 23968 | Orc:2    | Killed Rupert
 23968 | Orc:2    | Reached skill level 10 in Unarmed Combat
 23984 | Orc:2    | Found a roughly hewn altar of Beogh.
 24036 | Orc:2    | Found a staircase to the Elven Halls.
 24093 | Orc:2    | Found a roughly hewn altar of Beogh.
 24111 | Orc:2    | Found Qodauh's Weapon Emporium.
 24445 | Orc:2    | Found a roughly hewn altar of Beogh.
 24458 | Orc:2    | Noticed Erolcha
 24469 | Orc:2    | Killed Erolcha
 24491 | Orc:2    | Found Ciokk's Gadget Emporium.
 24504 | Orc:1    | Found Divvi's Gadget Boutique.
 25048 | Orc:2    | Found a roughly hewn altar of Beogh.
 25109 | Orc:2    | Found Ugegyj's Distillery.
 25161 | Orc:2    | Noticed an orc warlord
 25169 | Orc:2    | Killed an orc warlord
 25170 | Orc:2    | Found a roughly hewn altar of Beogh.
 25170 | Orc:2    | Found Tuob's Antique Weapon Shoppe.
 25187 | Orc:2    | Found Wiwnick's Antique Armour Emporium.
 25280 | Orc:2    | Found a roughly hewn altar of Beogh.
 25436 | Orc:2    | Found a roughly hewn altar of Beogh.
 25896 | Lair:2   | Killed Mryle's ghost
 26741 | D:12     | Noticed Joseph
 26753 | D:12     | Killed Joseph
 26811 | D:12     | You fall into a shaft and drop 1 floor!
 27564 | D:12     | Noticed Snorg
 27572 | D:12     | Killed Snorg
 27886 | D:5      | Bought an uncursed amulet of reflection for 450 gold pieces
 27886 | D:5      | Bought an uncursed ring of see invisible for 225 gold
                  | pieces
 27896 | D:5      | Learned a level 3 spell: Conjure Flame
 28230 | D:13     | Reached skill level 1 in Fire Magic
 28652 | D:13     | Reached XP level 16. HP: 110/110 MP: 20/24
 29136 | D:14     | Got a polished battleaxe
 29142 | D:14     | Identified the cursed +0 battleaxe of the Hierophant {pain,
                  | *Noise Str+6 SInv} (You found it on level 14 of the
                  | Dungeon)
 29178 | D:14     | Identified a scroll of acquirement
 29179 | D:14     | Acquired a +4 ring of evasion
 29721 | D:14     | Found a gate to the Vaults.
 29721 | D:14     | Noticed Urug
 29727 | D:14     | Killed Urug
 29874 | D:14     | Reached skill level 5 in Poison Magic
 30606 | D:15     | Entered Level 15 of the Dungeon
 30830 | D:15     | Found a staircase to the Depths.
 32056 | Swamp:1  | Entered Level 1 of the Swamp
 32210 | Swamp:1  | Reached skill level 10 in Stealth
 32604 | Swamp:1  | Learned a level 3 spell: Ozocubu's Armour
 32617 | Swamp:1  | Learned a level 4 spell: Hailstorm
 32711 | Swamp:1  | Reached XP level 17. HP: 121/121 MP: 15/26
 33145 | Swamp:2  | Identified Qidweet's Grimoire of Transmigration and
                  | Companions
 34686 | Swamp:4  | Entered Level 4 of the Swamp
 34777 | Swamp:4  | Reached skill level 5 in Conjurations
 35334 | Swamp:4  | Noticed the 27-headed Lernaean hydra
 35355 | Swamp:4  | Killed the 27-headed Lernaean hydra
 35752 | Swamp:4  | Got a decaying rune of Zot
 36084 | Swamp:4  | Reached skill level 1 in Throwing
 36431 | D:5      | Bought an uncursed ring of protection from fire for 375
                  | gold pieces
 36641 | Snake:1  | Entered Level 1 of the Snake Pit
 36655 | Snake:1  | Reached XP level 18. HP: 132/132 MP: 30/30
 37569 | Snake:2  | Reached skill level 15 in Fighting
 37569 | Snake:2  | Reached skill level 10 in Dodging
 37579 | Snake:1  | Learned a level 6 spell: Iron Shot
 37584 | Snake:2  | Found a sparkling altar of Nemelex Xobeh.
 37889 | Snake:2  | Reached skill level 5 in Throwing
 37933 | Snake:2  | Noticed Aizul
 37945 | Snake:2  | Killed Aizul
 38794 | Snake:3  | Reached skill level 10 in Earth Magic
 39542 | Snake:4  | Entered Level 4 of the Snake Pit
 39623 | Snake:4  | Noticed Louise
 39627 | Snake:4  | Cast into level 3 of the Abyss (Louise)
 39735 | Snake:4  | Escaped the Abyss
 39738 | Snake:4  | Noticed Vashnia
 39740 | Snake:4  | Killed Louise
 39748 | Snake:4  | Reached XP level 19. HP: 81/139 MP: 29/31
 40043 | Snake:4  | Killed Vashnia
 41222 | Snake:4  | Got a serpentine rune of Zot
 41583 | Vaults:1 | Entered Level 1 of the Vaults
 42285 | Vaults:1 | Reached skill level 15 in Shields
 42598 | Vaults:1 | Reached XP level 20. HP: 145/145 MP: 32/32
 42920 | Vaults:1 | Acquired a +2 hat of see invisible
 43552 | Vaults:2 | Noticed Boris
 43562 | Vaults:2 | Killed Boris
 43865 | Vaults:2 | Reached skill level 15 in Invocations
 44121 | Vaults:2 | Noticed Frederick
 44133 | Vaults:2 | Killed Frederick
 44662 | Vaults:3 | Got a steaming amber ring
 44668 | Vaults:3 | Identified the ring "Sihohat" {rC+ Dex+2 Stlth-} (You found
                  | it on level 3 of the Vaults)
 45383 | Vaults:3 | Found Buladghoh's Food Emporium.
 45652 | Vaults:3 | Reached skill level 10 in Spellcasting
 45737 | Vaults:3 | Found a staircase to the Crypt.
 46069 | Vaults:3 | Reached XP level 21. HP: 151/151 MP: 35/35
 47093 | Vaults:4 | Noticed Agnes
 47100 | Vaults:4 | Killed Agnes
 47719 | Vaults:4 | Found a gateway to a bazaar.
 47728 | Bazaar   | Entered a bazaar
 47730 | Bazaar   | Found Urugoh's Magic Scroll Boutique.
 47734 | Bazaar   | Found Qeofeqam's Magic Scroll Boutique.
 47734 | Bazaar   | Found Jawnecam's Armour Boutique.
 47734 | Bazaar   | Found Wuwuvay's Armour Boutique.
 47767 | Bazaar   | Bought a scroll of acquirement for 676 gold pieces
 47777 | Bazaar   | Bought a scroll of blinking for 75 gold pieces
 47993 | Vaults:4 | Acquired an uncursed ring of resist corrosion
 48272 | Vaults:4 | Acquired the Tome of Dark Rituals and Transmutation
 48277 | Vaults:4 | Learned a level 2 spell: Passwall
 48283 | Vaults:4 | Learned a level 5 spell: Borgnjor's Vile Clutch
 48471 | Vaults:4 | Reached skill level 1 in Necromancy
 49187 | Elf:1    | Entered Level 1 of the Elven Halls
 49373 | Elf:1    | Got an encrusted rapier
 49374 | Elf:1    | Identified the +8 rapier "Cocyoczoorch" {vorpal, rC+ rN+
                  | MR+ Str-5} (You found it on level 1 of the Elven Halls)
 49767 | Elf:1    | Identified the Collected Works on Fetching Unholy Arts
 50164 | Elf:1    | Reached skill level 5 in Necromancy
 50247 | Elf:1    | Reached skill level 15 in Earth Magic
 50252 | Elf:1    | Identified Kikubaaqudgha's Handbook of Stolen Souls
 51341 | Elf:2    | Reached XP level 22. HP: 157/157 MP: 18/36
 51538 | Elf:2    | Found Wuol's Gadget Emporium.
 51539 | Elf:2    | Found Nioc's Jewellery Shop.
 51539 | Elf:2    | Found Wacsu's Jewellery Shop.
 51624 | Elf:2    | Found a runed translucent gate.
 51624 | Elf:2    | Found a runed translucent gate.
 51624 | Elf:2    | Found a runed translucent gate.
 52421 | Elf:2    | Noticed Azrael
 52427 | Elf:2    | Killed Azrael
 52743 | Elf:3    | Entered Level 3 of the Elven Halls
 53021 | Elf:3    | Reached skill level 15 in Unarmed Combat
 53179 | Elf:3    | Identified the cursed ring "Gisexunn" {+Fly AC-4 Dex+3}
 53218 | Elf:3    | Identified the ring of Roesh {MP+9 Dex+5}
 53248 | Elf:3    | Identified the Handbook of Creative Enchantment
 53317 | Elf:3    | Got a flickering granite ring
 53320 | Elf:3    | Identified the ring "Rughiq" {rC+ MR+ Str+4} (You found it
                  | on level 3 of the Elven Halls)
 53796 | Elf:3    | Reached skill level 10 in Conjurations
 54649 | Elf:3    | Got a jewelled trident
 54916 | Lair:1   | Identified the +8 trident "Xaafavum" {venom, rF+ rC+ MR+
                  | Str+5} (You found it on level 3 of the Elven Halls)
 54940 | Lair:1   | Learned a level 5 spell: Lee's Rapid Deconstruction
 55132 | Depths:1 | Entered Level 1 of the Depths
 55453 | Depths:1 | Found a gateway to Hell.
 55460 | Depths:1 | Reached XP level 23. HP: 162/162 MP: 17/37
 55641 | Depths:1 | Acquired 510 gold pieces
 56229 | Depths:1 | Identified the Almanac of Enchantment
 56236 | Depths:1 | Got an ebony morningstar
 56827 | Depths:2 | Found a one-way gate leading to the halls of Pandemonium.
 56828 | Depths:2 | Found a one-way gate to the infinite horrors of the Abyss.
 56930 | Depths:2 | Found a shimmering blue altar of Sif Muna.
 56930 | Depths:2 | Found an ancient bone altar of Kikubaaqudgha.
 56931 | Depths:2 | Found a burning altar of Makhleb.
 57531 | Depths:2 | Identified the +7 battleaxe of Defyra {pain, rPois rN+
                  | Int+4 SInv}
 57533 | Depths:2 | Paralysed by a yaktaur for 5 turns
 57705 | Depths:2 | Noticed a golden dragon
 57714 | Depths:2 | Killed a golden dragon
 57719 | Depths:2 | Reached XP level 24. HP: 169/169 MP: 7/39
 57730 | Depths:2 | Identified The Lost Compendium of Boris
 57741 | Depths:2 | Learned a level 8 spell: Controlled Blink
 58376 | Depths:3 | Found Muimigg's Magic Scroll Shop.
 58386 | Depths:3 | Found Retub's General Store.
 58417 | Depths:3 | Bought a scroll of blinking for 120 gold pieces
 58446 | Depths:3 | Noticed Margery
 58455 | Depths:3 | Killed Margery
 58455 | Depths:3 | Reached skill level 15 in Dodging
 58460 | Depths:3 | Reached skill level 5 in Translocations
 58657 | Depths:3 | Found the +2 hood of the Assassin {Detection Stab+ Stlth++}
 58663 | Depths:3 | Found a shadowy altar of Dithmenos.
 59075 | Depths:3 | Found Esaubus's Weapon Boutique.
 59620 | Depths:4 | Reached skill level 10 in Translocations
 59768 | Depths:4 | Found Lueg's Gadget Shop.
 59770 | Depths:4 | Noticed Sojobo
 59771 | Depths:4 | Found Bymisif's Distillery.
 59771 | Depths:4 | Found Uptun Yti's Jewellery Boutique.
 59789 | Depths:4 | Killed Sojobo
 60417 | Depths:4 | Found Pavienon's Gadget Boutique.
 60420 | Depths:4 | Bought a potion of heal wounds for 100 gold pieces
 60565 | Depths:4 | Noticed a caustic shrike
 60569 | Depths:4 | Identified the +4 battleaxe of the Middle {venom, Stlth+}
 60572 | Depths:4 | Killed a caustic shrike
 60572 | Depths:4 | Reached XP level 25. HP: 170/174 MP: 39/39
 60643 | Depths:4 | Identified the +0 buckler of Viqos {rPois rF+ Int+3} (You
                  | found it on level 4 of the Depths)
 60645 | Depths:4 | Acquired 1970 gold pieces
 60646 | Depths:4 | Acquired the ring of Mevyco {Str+5 Int+3 Dex+6}
 60702 | Depths:4 | Bought the ring of the Republic {rElec rC+ rN+ Str+6 Int+4}
                  | for 2118 gold pieces
 60702 | Depths:4 | Bought the ring of Zivados {Wiz MR- Slay+4 SInv} for 1237
                  | gold pieces
 60702 | Depths:4 | Bought the ring "Ugrauq" {rN+ SInv Stlth+} for 756 gold
                  | pieces
 61183 | Depths:5 | Entered Level 5 of the Depths
 61419 | Depths:5 | Found a gate to the Realm of Zot.
 61896 | Depths:5 | Found a gateway to a ziggurat.
 61945 | Depths:5 | Noticed Boris
 61951 | Depths:5 | Killed Boris
 62164 | Depths:2 | Acquired 1650 gold pieces
 62356 | Crypt:1  | Entered Level 1 of the Crypt
 62374 | Crypt:1  | Noticed Donald
 62377 | Crypt:1  | Killed Donald
 62419 | Crypt:1  | Noticed Mara
 62428 | Crypt:1  | Killed Mara
 62428 | Crypt:1  | Reached skill level 15 in Translocations
 62520 | Crypt:1  | Noticed Saint Roka
 62535 | Crypt:1  | Killed Saint Roka
 64239 | Crypt:2  | Found a basalt altar of Yredelemnul.
 64427 | Crypt:3  | Entered Level 3 of the Crypt
 64710 | Crypt:3  | Found a basalt altar of Yredelemnul.
 64718 | Crypt:3  | Reached XP level 26. HP: 180/180 MP: 37/39
 65068 | Crypt:3  | Got a smoking iron amulet
 65070 | Crypt:3  | Got a twitching turquoise ring
 65070 | Crypt:3  | Got a fine silver ring
 65070 | Crypt:3  | Got a shimmering marble ring
 65118 | Crypt:3  | Identified Ereshkigal's Grimoire of Evil Rituals
 65161 | Crypt:3  | Identified the amulet "Biteas" {Acrobat rC+ rN+} (You found
                  | it on level 3 of the Crypt)
 65162 | Crypt:3  | Identified the ring "Soc Enem" {rF- rC+ rN+ Str+3 Slay+2}
                  | (You found it on level 3 of the Crypt)
 65163 | Crypt:3  | Identified the ring of the Howling Hero {rN+ MR+ Str+5}
                  | (You found it on level 3 of the Crypt)
 65228 | Crypt:3  | Got a heavily runed ivory ring
 65644 | Crypt:3  | Identified the +10 hand axe of the Original Sin {vorpal,
                  | Str+2 Int+2}
 65644 | Crypt:3  | Noticed Khufu
 65741 | Crypt:3  | Killed Khufu
 65948 | Crypt:3  | Found a staircase to the Tomb.
 66588 | Lair:1   | Identified the ring of Roumig Becu {rC+ rN+ Slay+6} (You
                  | found it on level 3 of the Crypt)
 66589 | Lair:1   | Identified the ring "Xurhis" {rC+ MP+9 Str+4 Slay+3 SInv}
                  | (You found it on level 3 of the Crypt)
 66706 | Slime:1  | Entered Level 1 of the Pits of Slime
 67322 | Slime:3  | Gained mutation: You are frail. (-10% HP) [a shining eye]
 67538 | Slime:4  | Found a viscous altar of Jiyva.
 67579 | Slime:4  | Gained mutation: You are weak. (Str -2) [a shining eye]
 68471 | Slime:5  | Entered Level 5 of the Pits of Slime
 68526 | Slime:5  | Gained mutation: Your magical capacity is low. (-10% MP) [a
                  | shining eye]
 68527 | Slime:5  | Gained mutation: You are occasionally teleported next to
                  | monsters. [a shining eye]
 68660 | Slime:5  | Gained mutation: Your magical capacity is very low. (-20%
                  | MP) [a shining eye]
 68661 | Slime:5  | Gained mutation: Scrolls take you a little longer to read.
                  | [a shining eye]
 68731 | Slime:5  | Gained mutation: Your magical capacity is extremely low.
                  | (-30% MP) [a shining eye]
 68853 | Slime:5  | Noticed the Royal Jelly
 68932 | Slime:5  | Killed the Royal Jelly
 69466 | Slime:5  | Got a scorched marble ring
 69478 | Slime:5  | Got a slimy rune of Zot
 69561 | Slime:5  | Got a brightly glowing diamond amulet
 69575 | Slime:5  | Identified the amulet "Xiorgheho" {RegenMP MR+ Dex+3} (You
                  | found it on level 5 of the Pits of Slime)
 69577 | Slime:5  | Identified the ring "Luekh" {MR- Str+3 Int+4 Dex+3 Stlth-}
                  | (You found it on level 5 of the Pits of Slime)
 70012 | Vaults:5 | Entered Level 5 of the Vaults
 70015 | Vaults:5 | Reached XP level 27. HP: 167/167 MP: 23/28
 70663 | Vaults:5 | Identified the +10 hunting sling "Octopus's Peril" {speed,
                  | rC+ rN+ Dex+2 Stlth-}
 71847 | Vaults:5 | Got a silver rune of Zot
 71923 | Vaults:5 | Identified the Compendium of the Compass
 71926 | Vaults:5 | Identified the Catalogue of Earthen Bewitchment
 72038 | Vaults:5 | Found Jyfoat's Book Boutique.
 72643 | Lair:1   | Learned a level 9 spell: Shatter
 72656 | Lair:1   | Lost mutation: You are weak. (Str -2) [potion of mutation]
 72656 | Lair:1   | Lost mutation: Your magical capacity is extremely low.
                  | (-30% MP) [potion of mutation]
 72656 | Lair:1   | Lost mutation: Your magical capacity is very low. (-20% MP)
                  | [potion of mutation]
 72656 | Lair:1   | Lost mutation: Scrolls take you a little longer to read.
                  | [potion of mutation]
 72656 | Lair:1   | Gained mutation: Your flesh is cold resistant. (rC+)
                  | [potion of mutation]
 72656 | Lair:1   | Gained mutation: You have a pair of small antennae on your
                  | head. [potion of mutation]
 72657 | Lair:1   | Lost mutation: You are frail. (-10% HP) [potion of
                  | mutation]
 72657 | Lair:1   | Lost mutation: You have a pair of small antennae on your
                  | head. [potion of mutation]
 72657 | Lair:1   | Lost mutation: Your magical capacity is low. (-10% MP)
                  | [potion of mutation]
 72657 | Lair:1   | Gained mutation: You are partially covered in iridescent
                  | scales. (AC +2) [potion of mutation]
 72657 | Lair:1   | Gained mutation: Your natural rate of healing is unusually
                  | fast. [potion of mutation]
 72657 | Lair:1   | Gained mutation: Your muscles are strong. (Str +2) [potion
                  | of mutation]
 72657 | Lair:1   | Gained mutation: One of your tentacles bears a spike.
                  | [potion of mutation]
 72895 | Depths:2 | Lost mutation: One of your tentacles bears a spike. [potion
                  | of mutation]
 72895 | Depths:2 | Lost mutation: Your natural rate of healing is unusually
                  | fast. [potion of mutation]
 72895 | Depths:2 | Gained mutation: You are mostly covered in iridescent
                  | scales. (AC +4) [potion of mutation]
 72895 | Depths:2 | Gained mutation: You are partially covered in yellow
                  | scales. (AC +2) [potion of mutation]
 73026 | Depths:4 | Bought a potion of mutation for 160 gold pieces
 73026 | Depths:4 | Lost mutation: You are occasionally teleported next to
                  | monsters. [potion of mutation]
 73026 | Depths:4 | Lost mutation: Your muscles are strong. (Str +2) [potion of
                  | mutation]
 73026 | Depths:4 | Gained mutation: Your spells are a little harder to cast,
                  | but a little more powerful. [potion of mutation]
 73026 | Depths:4 | Gained mutation: You have a pair of small antennae on your
                  | head. [potion of mutation]
 73108 | Depths:2 | Voluntarily entered the Abyss.
 73225 | Abyss:3  | Paralysed by accursed screaming for 1 turns
 73228 | Abyss:3  | Paralysed by accursed screaming for 2 turns
 73232 | Abyss:3  | Paralysed by accursed screaming for 1 turns
 73234 | Abyss:3  | Paralysed by accursed screaming for 1 turns
 73377 | Abyss:3  | Got an abyssal rune of Zot
 73583 | Depths:2 | Escaped the Abyss
 73887 | Hell     | Entered the Vestibule of Hell
 73887 | Hell     | Noticed Geryon
 73909 | Hell     | Killed Geryon
 74711 | Hell     | Found a gateway to the decaying netherworld of Tartarus.
 74768 | Hell     | Found a gateway to the ashen valley of Gehenna.
 74917 | Hell     | Found a gateway to the Iron City of Dis.
 74986 | Hell     | Found a gateway to the freezing wastes of Cocytus.
 75251 | Coc:1    | Entered Level 1 of Cocytus
 75658 | Coc:5    | Reached skill level 15 in Spellcasting
 76033 | Coc:7    | Entered Level 7 of Cocytus
 76323 | Coc:3    | You fall into a shaft and drop 3 floors!
 77466 | Coc:7    | Identified the ring "Jicivy" {rElec rF- MR+ Str+6 Stlth+}
 77466 | Coc:7    | Noticed Antaeus
 77492 | Coc:7    | Killed Antaeus
 77594 | Coc:7    | Identified the Tome of Hurtful Enhancements
 77597 | Coc:7    | Got an icy rune of Zot
 77739 | Coc:7    | Got a masterwork long sword
 77750 | Coc:7    | Identified the +8 long sword of Vodka {vamp, Int+2} (You
                  | found it on level 7 of Cocytus)
 77930 | Dis:1    | Entered Level 1 of the Iron City of Dis
 78911 | Dis:7    | Entered Level 7 of the Iron City of Dis
 78939 | Dis:7    | Identified the +4 staff of Dispater
 78939 | Dis:7    | Noticed Dispater
 78945 | Dis:7    | Noticed the Serpent of Hell
 78966 | Dis:7    | Killed the Serpent of Hell
 79717 | Dis:7    | Killed Dispater
 79800 | Dis:7    | Got an iron rune of Zot
 80086 | Zot:1    | Entered Level 1 of the Realm of Zot
 81688 | Zot:2    | Noticed an orb of fire
 81755 | Zot:2    | Gained mutation: You are dopey. (Int -2) [an orb of fire]
 81756 | Zot:2    | Killed an orb of fire
 82411 | Zot:2    | Noticed an orb of fire
 82422 | Zot:2    | Killed an orb of fire
 82463 | Zot:2    | Learned a level 4 spell: Airstrike
 82778 | Zot:2    | Reached skill level 5 in Air Magic
 83732 | Zot:4    | Reached skill level 10 in Air Magic
 85858 | Tar:1    | Entered Level 1 of Tartarus
 87433 | Tar:7    | Entered Level 7 of Tartarus
 87696 | Tar:7    | Noticed an ancient lich
 87715 | Tar:7    | Killed an ancient lich
 87722 | Tar:7    | Noticed an ancient lich
 87728 | Tar:7    | Killed an ancient lich
 87877 | Tar:7    | Found the +4 robe of Augmentation {Str+4 Int+4 Dex+4}
 88029 | Tar:7    | Noticed Ereshkigal
 88266 | Tar:7    | Identified Gaaliab's Grimoire of the Oath and Stones
 88399 | Tar:7    | Killed Ereshkigal
 88430 | Tar:7    | Got a bone rune of Zot
 88605 | Hell     | Learned a level 4 spell: Petrify
 88616 | Pan      | Entered Pandemonium
 88623 | Pan      | Reached skill level 27 in Earth Magic
 88642 | Pan      | Noticed Kemmufihua the pandemonium lord
 88647 | Pan      | Cast into level 5 of the Abyss (Kemmufihua)
 88647 | Abyss:5  | Entered Level 5 of the Abyss
 88760 | Abyss:5  | Paralysed by accursed screaming for 1 turns
 89187 | Pan      | Escaped the Abyss
 89201 | Pan      | Killed Kemmufihua the pandemonium lord
 89201 | Pan      | Reached skill level 15 in Stealth
 90292 | Pan      | Gained mutation: You tend to lose your temper in combat. [a
                  | cacodemon]
 90412 | Pan      | Noticed Okhlocko the pandemonium lord
 90425 | Pan      | Killed Okhlocko the pandemonium lord
 90621 | Pan      | Lost mutation: You are dopey. (Int -2) [a cacodemon]
 91191 | Pan      | Lost mutation: Your spells are a little harder to cast, but
                  | a little more powerful. [a cacodemon]
 91333 | Pan      | Gained mutation: You do not regenerate when monsters are
                  | visible. [a cacodemon]
 91449 | Pan      | Noticed Ashaedy the pandemonium lord
 91459 | Pan      | Killed Ashaedy the pandemonium lord
 91485 | Pan      | HP: 5/271 [Hell Sentinel/damnation (19)]
 91550 | Pan      | HP: 3/271 [Hell Sentinel/damnation (32)]
 92617 | Pan      | Got a demonic rune of Zot
 94225 | Pan      | Found an exit through the horrors of the Abyss.
 94522 | Pan      | Gained mutation: You often lose your temper in combat. [a
                  | neqoxec]
 94592 | Pan      | Noticed Kiurph the pandemonium lord
 94597 | Pan      | Killed Kiurph the pandemonium lord
 95212 | Pan      | Found a huge runed translucent gate.
 95848 | Pan      | Found an exit through the horrors of the Abyss.
 96294 | Pan      | Found a huge runed translucent gate.
 96928 | Pan      | Found a huge runed translucent gate.
 96928 | Pan      | Found a huge runed translucent gate.
 96928 | Pan      | Found a huge runed translucent gate.
 96928 | Pan      | Found a huge runed translucent gate.
 96928 | Pan      | Found a huge runed translucent gate.
 96942 | Pan      | Noticed Wicuvug the pandemonium lord
 96951 | Pan      | Killed Wicuvug the pandemonium lord
 97403 | Pan      | Learned a level 6 spell: Eringya's Noxious Bog
 97628 | Pan      | Gained mutation: Scrolls take you a little longer to read.
                  | [a cacodemon]
 97864 | Pan      | Reached skill level 27 in Fighting
 98272 | Pan      | Noticed Imich the pandemonium lord
 98290 | Pan      | Killed Imich the pandemonium lord
 98482 | Pan      | Noticed Kutoskif the pandemonium lord
 98489 | Pan      | Killed Kutoskif the pandemonium lord
 98916 | Pan      | Gained mutation: You are weak. (Str -2) [a neqoxec]
 99140 | Pan      | Reached skill level 10 in Throwing
 99141 | Pan      | Noticed Vyont the pandemonium lord
 99158 | Pan      | Killed Vyont the pandemonium lord
 99907 | Depths:2 | Escaped Pandemonium
 99936 | Pan      | Entered the realm of Mnoleg.
 99936 | Pan      | Entered Pandemonium
 99968 | Pan      | Gained mutation: You have an uncontrollable temper. [a
                  | neqoxec]
100252 | Pan      | Gained mutation: Your body sometimes deteriorates upon
                  | taking damage. [a neqoxec]
100254 | Pan      | Lost mutation: You are partially covered in yellow scales.
                  | (AC +2) [a neqoxec]
100283 | Pan      | Gained mutation: You are frail. (-10% HP) [a neqoxec]
100288 | Pan      | Lost mutation: You are mostly covered in iridescent scales.
                  | (AC +4) [a neqoxec]
100550 | Pan      | Gained mutation: You are clumsy. (Dex -2) [a cacodemon]
100900 | Pan      | Found an exit through the horrors of the Abyss.
101001 | Pan      | Gained mutation: Your magical capacity is low. (-10% MP) [a
                  | cacodemon]
101009 | Pan      | Paralysed by a floating eye for 3 turns
101205 | Pan      | Noticed Mnoleg
101223 | Pan      | Gained mutation: You are very frail. (-20% HP) [Mnoleg's
                  | mutagenic touch]
101228 | Pan      | Killed Mnoleg
101231 | Pan      | Gained mutation: You are occasionally teleported next to
                  | monsters. [a cacodemon]
101328 | Pan      | Learned a level 5 spell: Lightning Bolt
101580 | Pan      | Got a glowing rune of Zot
101657 | Pan      | Took an exit into the Abyss.
101657 | Abyss:1  | Escaped into the Abyss
101728 | Depths:2 | Escaped the Abyss
102197 | Orc:2    | Bought a potion of mutation for 112 gold pieces
102197 | Orc:2    | Lost mutation: You are clumsy. (Dex -2) [potion of
                  | mutation]
102197 | Orc:2    | Lost mutation: Your body sometimes deteriorates upon taking
                  | damage. [potion of mutation]
102197 | Orc:2    | Gained mutation: You are dopey. (Int -2) [potion of
                  | mutation]
102197 | Orc:2    | Gained mutation: You passively map a small area around you.
                  | [potion of mutation]
102495 | Depths:2 | Upgraded the game from 0.25.1-8-g42b30a86e7 to
                  | 0.25.1-9-gc5326a611f
102497 | Depths:2 | Voluntarily entered the Abyss.
102597 | Abyss:2  | Found a corrupted altar of Lugonu.
103064 | Abyss:3  | Found a corrupted altar of Lugonu.
103076 | Abyss:3  | Noticed an ancient lich
103081 | Abyss:3  | Killed an ancient lich
103081 | Abyss:3  | Reached skill level 15 in Air Magic
103761 | Abyss:3  | Noticed an ancient lich
103922 | Abyss:4  | Reached skill level 15 in Transmutations
104008 | Abyss:4  | Paralysed by accursed screaming for 2 turns
104070 | Depths:2 | Escaped the Abyss
105004 | Depths:2 | Voluntarily entered the Abyss.
105004 | Abyss:1  | Found a corrupted altar of Lugonu.
105064 | Abyss:1  | Noticed an ancient lich
105071 | Abyss:1  | Killed an ancient lich
105253 | Abyss:1  | Noticed an ancient lich
105495 | Abyss:1  | Paralysed by accursed screaming for 2 turns
105499 | Abyss:1  | Paralysed by accursed screaming for 1 turns
105715 | Abyss:2  | Got a warped quarterstaff
105977 | Abyss:2  | Paralysed by accursed screaming for 1 turns
106577 | Abyss:2  | Identified the +10 quarterstaff "Haaloiru" {flame, Int+6}
                  | (You found it on level 2 of the Abyss)
106677 | Depths:2 | Escaped the Abyss
106694 | Hell     | Lost mutation: You are dopey. (Int -2) [potion of mutation]
106694 | Hell     | Lost mutation: You are very frail. (-20% HP) [potion of
                  | mutation]
106694 | Hell     | Lost mutation: Your magical capacity is low. (-10% MP)
                  | [potion of mutation]
106694 | Hell     | Lost mutation: Your flesh is cold resistant. (rC+) [potion
                  | of mutation]
106694 | Hell     | Gained mutation: You evolve. [potion of mutation]
106801 | Zig:1    | Entered Level 1 of a ziggurat
106822 | Zig:2    | Entered Level 2 of a ziggurat
106824 | Zig:2    | Found the ring of Shadows {Umbra +Inv Stlth+}
106832 | Zig:2    | Lost mutation: You are frail. (-10% HP) [evolution]
106942 | Zig:3    | Entered Level 3 of a ziggurat
106996 | Zig:4    | Entered Level 4 of a ziggurat
107030 | Zig:5    | Entered Level 5 of a ziggurat
107061 | Zig:5    | Identified the Incunabulum of Dark Battle Magic
107097 | Zig:6    | Entered Level 6 of a ziggurat
107099 | Zig:6    | Noticed an ancient lich
107106 | Zig:6    | Killed an ancient lich
107142 | Zig:7    | Entered Level 7 of a ziggurat
107150 | Zig:7    | Found the +8 arc blade {discharge, rElec}
107178 | Zig:7    | Got a coiled bone ring
107179 | Zig:7    | Identified Ifeig's Volume of Creative Sinister Arts
107184 | Zig:7    | Identified the ring "Koyhick" {+Fly rF+ rN+ Str-3 Dex+3}
                  | (You found it on level 7 of a ziggurat)
107188 | Zig:8    | Entered Level 8 of a ziggurat
107196 | Zig:8    | Noticed Erymatos's ghost (legendary MiBe)
107203 | Zig:8    | Killed Erymatos's ghost
107239 | Zig:9    | Entered Level 9 of a ziggurat
107273 | Zig:9    | Identified Sophisticated Casting
107286 | Zig:9    | Got a steaming lead ring
107294 | Zig:9    | Got a bound marble ring
107298 | Zig:9    | Identified the ring of New Discoveries {rCorr Int-4 Dex+4}
                  | (You found it on level 9 of a ziggurat)
107300 | Zig:9    | Identified the ring "Tuigehit" {AC+4 Str+4 Int-3 Slay+3}
                  | (You found it on level 9 of a ziggurat)
107466 | Zig:10   | Entered Level 10 of a ziggurat
107525 | Zig:11   | Entered Level 11 of a ziggurat
107543 | Zig:11   | Noticed Loc Xojo the pandemonium lord
107549 | Zig:11   | Killed Loc Xojo the pandemonium lord
107571 | Zig:11   | Found the +5 robe of Misfortune {*Contam Harm *Corrode
                  | *Drain *Slow EV+5}
107610 | Zig:12   | Entered Level 12 of a ziggurat
107615 | Zig:12   | Noticed an orb of fire
107617 | Zig:12   | Noticed an orb of fire
107620 | Zig:12   | Gained mutation: You are frail. (-10% HP) [an orb of fire]
107621 | Zig:12   | Killed an orb of fire
107623 | Zig:12   | Killed an orb of fire
107750 | Zig:12   | Identified the Compendium of Frigorific Talismans
107758 | Zig:12   | Got a heavily runed silver amulet
107762 | Zig:12   | Identified the amulet of the Mutiny {Reflect Int+4 SH+5}
                  | (You found it on level 12 of a ziggurat)
107768 | Zig:13   | Entered Level 13 of a ziggurat
107782 | Zig:13   | Found the +8 longbow "Zephyr" {speed, Dex+3 SInv}
107821 | Zig:13   | Identified the ring "Matosoh" {rF+ Str+2} (You found it on
                  | level 13 of a ziggurat)
107825 | Zig:13   | Identified the Papyrus of the Rocks and the Escort
107843 | Zig:14   | Entered Level 14 of a ziggurat
107908 | Zig:14   | Identified Goem's Collected Works on Cankerous Attacks
107926 | Zig:14   | Lost mutation: Scrolls take you a little longer to read.
                  | [potion of mutation]
107926 | Zig:14   | Lost mutation: You evolve. [potion of mutation]
107926 | Zig:14   | Lost mutation: You are weak. (Str -2) [potion of mutation]
107926 | Zig:14   | Gained mutation: Your muscles are strong. (Str +2) [potion
                  | of mutation]
107927 | Zig:14   | Lost mutation: Your muscles are strong. (Str +2) [potion of
                  | mutation]
107927 | Zig:14   | Lost mutation: You have an uncontrollable temper. [potion
                  | of mutation]
107927 | Zig:14   | Lost mutation: You passively map a small area around you.
                  | [potion of mutation]
107927 | Zig:14   | Lost mutation: You do not regenerate when monsters are
                  | visible. [potion of mutation]
107927 | Zig:14   | Gained mutation: Your mind is acute. (Int +2) [potion of
                  | mutation]
107927 | Zig:14   | Gained mutation: You are clumsy. (Dex -2) [potion of
                  | mutation]
107927 | Zig:14   | Lost mutation: Your mind is acute. (Int +2) [potion of
                  | mutation]
107927 | Zig:14   | Gained mutation: You are partially covered in molten
                  | scales. (AC +2) [potion of mutation]
107928 | Zig:14   | Lost mutation: You are clumsy. (Dex -2) [potion of
                  | mutation]
107928 | Zig:14   | Lost mutation: You are frail. (-10% HP) [potion of
                  | mutation]
107928 | Zig:14   | Lost mutation: You are occasionally teleported next to
                  | monsters. [potion of mutation]
107928 | Zig:14   | Gained mutation: Your mind is acute. (Int +2) [potion of
                  | mutation]
107928 | Zig:14   | Gained mutation: You are robust. (+10% HP) [potion of
                  | mutation]
107928 | Zig:14   | Gained mutation: Your muscles are strong. (Str +2) [potion
                  | of mutation]
107932 | Zig:15   | Entered Level 15 of a ziggurat
107957 | Zig:15   | Gained mutation: Your magical capacity is low. (-10% MP) [a
                  | shining eye]
107961 | Zig:15   | Paralysed by a floating eye for 3 turns
107967 | Zig:15   | Paralysed by a floating eye for 4 turns
107973 | Zig:15   | Paralysed by a great orb of eyes for 4 turns
107986 | Zig:15   | Gained mutation: You are occasionally teleported next to
                  | monsters. [a shining eye]
107986 | Zig:15   | Gained mutation: You have an uncontrollable temper. [a
                  | shining eye]
107994 | Zig:15   | Reached skill level 27 in Unarmed Combat
107994 | Zig:15   | Lost mutation: You are robust. (+10% HP) [a shining eye]
108154 | Zig:15   | Found the +12 glaive of Prune {vorpal}
108176 | Zig:15   | Got a glittering platinum ring
108177 | Zig:15   | Identified the ring of Ritit {rC+ rN+ MR+ Str+3 Dex-3} (You
                  | found it on level 15 of a ziggurat)
108183 | Zig:15   | Got a brightly glowing platinum amulet
108186 | Zig:15   | Identified the amulet of Free Will {RegenMP *Drain rC++ rN+
                  | Str+3} (You found it on level 15 of a ziggurat)
108195 | Zig:16   | Entered Level 16 of a ziggurat
108233 | Zig:16   | Identified Xuycveh's Catalogue of the Compass and Shape
                  | Shifting
108255 | Zig:17   | Entered Level 17 of a ziggurat
108289 | Zig:17   | Found the +3 pair of gauntlets of War {Slay+5}
108304 | Zig:17   | Identified Rauf's Tome of Darkness
108331 | Zig:18   | Entered Level 18 of a ziggurat
108395 | Zig:18   | Found the +8 storm bow {elec, penet}
108404 | Zig:18   | Identified the ring "Duvuo" {rElec rN+ Dex+6} (You found it
                  | on level 18 of a ziggurat)
108441 | Zig:19   | Entered Level 19 of a ziggurat
108448 | Zig:19   | Noticed Iskuso the pandemonium lord
108452 | Zig:19   | Noticed Lyusm the pandemonium lord
108453 | Zig:19   | Noticed Kasch the pandemonium lord
108454 | Zig:19   | Noticed Uqutigu Qao the pandemonium lord
108455 | Zig:19   | Killed Iskuso the pandemonium lord
108457 | Zig:19   | Killed Lyusm the pandemonium lord
108459 | Zig:19   | Killed Kasch the pandemonium lord
108461 | Zig:19   | Noticed Tebux the pandemonium lord
108462 | Zig:19   | Gained mutation: Your magical capacity is very low. (-20%
                  | MP) [a cacodemon]
108464 | Zig:19   | Noticed Zunaikko the pandemonium lord
108464 | Zig:19   | Noticed Doacw the pandemonium lord
108465 | Zig:19   | Paralysed by a floating eye for 4 turns
108467 | Zig:19   | Cast into level 5 of the Abyss (Doacw)
108467 | Abyss:5  | Entered Level 5 of the Abyss
108657 | Abyss:5  | Found an ornate altar of the Wu Jian Council.
108739 | Abyss:5  | Found an ornate altar of the Wu Jian Council.
108772 | Abyss:5  | Paralysed by accursed screaming for 1 turns
108795 | Abyss:5  | HP: 6/224 [balrug/divine providence (12)]
108797 | Abyss:5  | Killed from afar by a starcursed mass

Illustrated notes

Levels and vault maps discovered:
D:1:      saegor_arrival_simple_e, layout_rooms
D:2:      layout_basic, minivault_14, kennysheep_doodads
D:3:      layout_loops_ring, lemuel_crystal_altar, lemuel_flame_loot_1,
          uniq_sigmund
D:4:      layout_cave_pools, lemuel_round_altar, first_ration, serial_shops,
          kennysheep_little_box, roderic_lattice_a
D:5:      lemuel_ratsnest, layout_loops_corners, basic_altar, serial_shops,
          shop, nicolae_shop_trees, shop, shop, shop
D:6:      layout_basic, vehumet_crystals, nicolae_overflow_crystal_walls,
          gammafunk_temple_overflow_statue, lightli_corner_chamber
D:7:      layout_loops_cross, nicolae_dithmenos_shadow_blocks, temple_hall
D:8:      layout_loops_ring, lemuel_crystal_altar,
          lemuel_coloured_pillars_altar, lair_entry_dummy, basic_altar
D:9:      layout_long_grid, regret_index_temple_of_mockery,
          grunt_temple_overflow_open, erik_orc_4, hangedman_ranch
          [blue_anna_fruit_fields]
D:10:     layout_loops_ring
D:11:     minmay_firetagon, layout_long_grid, serial_undead, serial_undead_c,
          serial_undead_b, serial_undead_e, serial_undead_c, serial_undead_a,
          serial_undead_a, serial_undead_b, chequers_big_river,
          solitary_fountain
D:12:     layout_loops_ring, special_room [special_room_orc],
          minmay_sticks_and_stones, uniq_snorg
D:13:     layout_roguey
D:14:     layout_stronghold, david_vaults_3, serial_park_square2,
          minmay_the_grid_2x2 [minmay_the_grid_fan, minmay_the_grid_doors,
          minmay_the_grid_square_x, minmay_the_grid_prize_shrinking_boxes]
D:15:     gammafunk_depths_entry_grave, layout_stronghold, serial_bayou_pond_b,
          serial_bayou_pond_e
Temple:   corrupted_temple
Lair:1:   layout_chaotic_city, basic_altar, lemuel_fruit_fields,
          grunt_megastairs_2
Lair:2:   regret_index_tunnel_blossom, layout_chaotic_city,
          hellmonk_ghost_happy_afterlife, enter_volcano_2, serial_bayou_shore_b
Lair:3:   layout_long_grid
Lair:4:   layout_cave_pods, swamp_mist, guppyfry_snake_entry_island,
          chequers_serial_rivers_micro_a
Lair:5:   layout_cave_pods, slime_altar_1, pond, infiniplex_staircase_pool,
          grunt_megastairs_1, uniq_urug
Lair:6:   hangedman_lair_caniforms_friends, layout_long_grid,
          hangedman_lair_in_review, chequers_serial_rivers_micro_b,
          infiniplex_staircase_pool_2
Swamp:1:  layout_basic_swamp, evilmike_swamp_ruin_house_5, swamp_pool1,
          grunt_witch_cave
Swamp:2:  layout_basic_swamp, evilmike_swamp_ruin_rubble_1, swamp_pool3
Swamp:3:  layout_basic_swamp, evilmike_swamp_ruin_house_2
Swamp:4:  swamp_old_school, layout_basic_swamp
Snake:1:  layout_rooms, serial_bayou_shore_b
Snake:2:  layout_misc_corridors, basic_altar, uniq_aizul
Snake:3:  layout_grid_shapes, grunt_megastairs_4, lemuel_fruit_tree
Snake:4:  minmay_snake_end_coiled, layout_cave_town, uniq_vashnia, uniq_louise
Slime:1:  layout_caves
Slime:2:  layout_caves
Slime:3:  layout_caves
Slime:4:  cheibrodos_slime_lost_civilization_9, layout_caves, basic_altar
Slime:5
Orc:1:    layout_caves, serial_shops, shop, portal_ice_cave_entry_ice_beasts
Orc:2:    grunt_orc_community_town_hall, layout_diamond_mine,
          grunt_orc_community_big_house_2, grunt_orc_community_big_house_2,
          grunt_orc_community_house_1, grunt_orc_community_house_3,
          grunt_orc_community_house_1, grunt_orc_community_house_1,
          grunt_orc_community_house_2, serial_shops, shop_fountains,
          nooodl_orcs_dogs, uniq_rupert, uniq_erolcha
Elf:1:    eino_elf_arrival_shootout, layout_loops_corners,
          minmay_elf_necromancy, lemuel_flamethrower_2
Elf:2:    layout_geoelf_diagonals, minmay_shop_grove, uniq_azrael
Elf:3:    grunt_elf_hall_asides, layout_onion_city
Vaults:1: vaults_standard_mumra_lines, vaults_dpeg_diagonal, v_pattern_4,
          vaults_room_fancy_cross, hangedman_vaults_hat,
          vaults_mumra_minichess_inversion, hangedman_vaults_stagger,
          nicolae_vaults_twisting_passages, st_cells, vaults_dpeg_encased_lava,
          layout_vaults_omnicross
Vaults:2: ontoclasm_vaults_misaligned, hangedman_vaults_slice, vaults_mumra_hex,
          vaults_mumra_minichess, st_more_cells,
          nicolae_vaults_little_squares_2, ontoclasm_vaults_misaligned,
          v_misc_10, nicolae_vaults_mini_display_case, v_misc_2,
          ontoclasm_vaults_ligature, layout_vaults_big_room, uniq_frederick,
          uniq_boris
Vaults:3: hangedman_vaults_cutoff, nicolae_vaults_lopsided_apartments,
          v_misc_16, nicolae_vaults_circle_grid_a,
          minmay_crypt_entry_simple_box, ontoclasm_vaults_chip, v_misc_19,
          ontoclasm_vaults_gateway, layout_vaults_omnigrid, serial_shops, shop
Vaults:4: v_misc_13, sword_in_stone, hangedman_vaults_capsules,
          vaults_room_door_hall, grunt_vaults_hallway_long,
          nicolae_vaults_little_ls, hangedman_vaults_slice,
          hangedman_vaults_nails, nicolae_vaults_little_squares_6, v_misc_19,
          vaults_room_hallway, ontoclasm_vaults_chip, ontoclasm_vaults_twist,
          ontoclasm_vaults_eye, vaults_room_pools, layout_vaults_ring,
          serial_shops, freezing_bzr
Vaults:5: serial_shops
Crypt:1:  layout_misc_corridors, uniq_saint_roka, uniq_mara, uniq_donald
Crypt:2:  layout_misc_corridors, lemuel_statue_altar
Crypt:3:  grunt_crypt_end_deaths_head
Depths:1: kennysheep_water_balloons, layout_gridlike, lightli_too_deep,
          hangedman_abyss_or_decor_passed, kennysheep_generic_room_14
Depths:2: hangedman_slaughterboxes, abyss_entry, pan_entry, hell_entry
Depths:3: regret_index_dithmenos_brocken_genspenst, layout_basic, serial_shops,
          shop, hell_entry, hex_tiny, pan_entry, minmay_shop_star,
          firewood_loft, uniq_margery
Depths:4: cross_vault, layout_cave_pools, abyss_entry,
          hangedman_abyss_or_decor_lesser_grid, hangedman_geh_valley,
          minmay_shoptagon, infiniplex_staircase_pool_lava, uniq_sojobo
Depths:5: evilmike_zot_entry_basic, layout_twisted_cross, enter_ziggurat_b,
          hell_entry, abyss_entry, st_stairs_13, minivault_15, glass_columns_a,
          minivault_14
Hell
Dis:1:    layout_chaotic_city
Dis:2:    layout_subdivisions
Dis:3:    layout_overlapping_boxes
Dis:4:    layout_jigsaw
Dis:5:    layout_chaotic_city, grunt_megastairs_3
Dis:6:    layout_jigsaw
Dis:7:    dis_st
Coc:1:    layout_cocytus_water_paths
Coc:2:    layout_ice_bergs
Coc:3:    layout_ice_bergs
Coc:4:    layout_ice_bergs
Coc:5:    layout_ice_bergs
Coc:6:    layout_ice_bergs
Coc:7:    coc_grunt_cove [coc_grunt_cove_antaeus, coc_grunt_cove_fiend,
          coc_grunt_cove_fiend, coc_grunt_cove_fiend, coc_grunt_cove_fiend]
Tar:1:    layout_catacombs
Tar:2:    layout_cathedral_of_symmetry
Tar:3:    layout_catacombs
Tar:4:    grunt_deathspiral_small, layout_cathedral_of_symmetry
Tar:5:    layout_cathedral_of_symmetry, nicolae_tar_cuneiform_heaven,
          lemuel_elevator
Tar:6:    layout_catacombs
Tar:7:    tar_old
Zot:1:    layout_gridville
Zot:2:    layout_basic
Zot:3:    layout_misc_corridors
Zot:4:    lemuel_draconian_sentries, layout_twisted_circle
Abyss:5:  base: Elf:2, hangedman_illusive_loot, evilmike_abyss_exit_chaos, base:
          Geh:2, abyss_exit_lava, minivault_22
Zig:19

Skill      XL: |  1  2  3  4  5  6  7  8  9 10 11 12 13 14 15 16 17 18 19 20 21 22 23 24 25 26 27 |
---------------+----------------------------------------------------------------------------------+-----
Transmutations | 3 4 5 6 7 9 11 12 15 | 15.0
Poison Magic   | 1 3 5 |  5.0
Spellcasting   | 3 4 5 6 8 10 12 14 23 | 23.8
Shields        | 3 4 10 11 15 16 18 25 | 25.0
Fighting       | 4 5 7 10 12 14 15 27 | 27.0
Stealth        | 4 5 8 10 11 12 20 | 20.0
Ice Magic      | 4 |  4.0
Dodging        | 5 8 9 10 14 15 20 | 20.0
Unarmed Combat | 5 6 8 9 12 15 27 | 27.0
Invocations    | 5 8 10 11 12 15 | 15.0
Earth Magic    | 1 5 6 8 10 11 12 15 16 27 | 27.0
Air Magic      | 3 15 | 15.0
Conjurations   | 3 5 7 8 10 | 10.0
Translocations | 2 12 15 16 | 16.0
Fire Magic     | 2 3 |  3.0
Throwing       | 1 5 10 | 10.0
Necromancy     | 5 |  5.0

Action                   |  1- 3 |  4- 6 |  7- 9 | 10-12 | 13-15 | 16-18 | 19-21 | 22-24 | 25-27 || total
-------------------------+-------+-------+-------+-------+-------+-------+-------+-------+-------++-------
Melee: Unarmed           |    75 |   154 |   400 |   512 |   819 |   611 |   572 |   521 |  4259 ||  7923
       Kick              |    15 |    21 |     2 |     6 |       |       |       |       |       ||    44
       Constrict         |    19 |    12 |     7 |     8 |   128 |    75 |   102 |    84 |   609 ||  1044
       Tentacles         |    11 |    11 |     2 |     7 |   214 |   176 |   210 |   192 |   929 ||  1752
       Punch             |     2 |       |     1 |     1 |    89 |   104 |    88 |   102 |   799 ||  1186
Throw: Stone             |       |     6 |       |       |       |       |       |       |       ||     6
       Dart              |       |       |     4 |     1 |       |       |       |       |       ||     5
       Boomerang         |       |       |       |       |       |    60 |   106 |       |    29 ||   195
 Cast: Beastly Appendage |    28 |    19 |     5 |     2 |       |       |       |       |       ||    54
       Sticks to Snakes  |     2 |     6 |    18 |    36 |    16 |     3 |       |       |       ||    81
       Spider Form       |       |     9 |    35 |    15 |     3 |     1 |       |       |       ||    63
       Ice Form          |       |       |     8 |    44 |    13 |     2 |       |       |     1 ||    68
       Statue Form       |       |       |       |       |    67 |   112 |   104 |   105 |   831 ||  1219
       Mephitic Cloud    |       |       |       |       |     5 |     3 |       |       |       ||     8
       Blink             |       |       |       |       |     1 |     3 |     3 |       |     1 ||     8
       Ozocubu's Armour  |       |       |       |       |       |     2 |       |       |       ||     2
       Hailstorm         |       |       |       |       |       |    73 |    62 |    66 |   125 ||   326
       Iron Shot         |       |       |       |       |       |       |    61 |    58 |   559 ||   678
       Borgnjor's Vile C |       |       |       |       |       |       |    15 |   114 |   225 ||   354
       Lee's Rapid Decon |       |       |       |       |       |       |       |     8 |    44 ||    52
       Conjure Flame     |       |       |       |       |       |       |       |       |     1 ||     1
       Controlled Blink  |       |       |       |       |       |       |       |       |    16 ||    16
       Airstrike         |       |       |       |       |       |       |       |       |   603 ||   603
       Shatter           |       |       |       |       |       |       |       |       |    80 ||    80
       Lightning Bolt    |       |       |       |       |       |       |       |       |    15 ||    15
       Eringya's Noxious |       |       |       |       |       |       |       |       |     2 ||     2
       Petrify           |       |       |       |       |       |       |       |       |     1 ||     1
Invok: Slouch            |       |       |       |     1 |     4 |    11 |     1 |       |    45 ||    62
 Abil: End Transformatio |       |       |       |     1 |       |       |       |       |     1 ||     2
Evoke: Wand              |       |       |       |     1 |       |     1 |       |       |       ||     2
  Use: Scroll            |     3 |     9 |     6 |     8 |     6 |    11 |    12 |     8 |    47 ||   110
       Potion            |       |     2 |     2 |     2 |       |     3 |     1 |     5 |    37 ||    52
 Stab: Sleeping          |     7 |     1 |     6 |    11 |    20 |    21 |    25 |    15 |    60 ||   166
       Distracted        |       |     1 |       |     6 |    11 |     4 |     1 |     2 |    67 ||    92
       Confused          |       |       |       |       |     3 |     4 |       |       |       ||     7
       Petrified         |       |       |       |       |     6 |       |       |       |       ||     6
       Held in net/web   |       |       |       |       |       |       |       |       |     1 ||     1
  Eat: Chunk             |     1 |     9 |    21 |    14 |    37 |    24 |    33 |    23 |    42 ||   204
       Ration            |     1 |     1 |       |       |     1 |     6 |     2 |     1 |    30 ||    42
Armor: Skin              |     7 |     7 |    67 |   145 |   414 |   369 |   184 |   136 |   990 ||  2319
Dodge: Dodged            |    32 |    97 |   300 |   435 |   829 |   788 |   554 |   430 |  3307 ||  6772
Block: Buckler           |       |       |     6 |     5 |    58 |       |       |       |       ||    69
       Kite shield       |       |       |       |       |   590 |   896 |   546 |       |       ||  2032
       Reflection        |       |       |       |       |    14 |   123 |   135 |   107 |   287 ||   666
       Tower shield      |       |       |       |       |       |       |   366 |   968 |  8033 ||  9367
